 Dungeon Crawl Stone Soup version 0.24.0-37-gcf1ca852f1 (webtiles) character file.

Game seed: 16398268206341450284, levelgen mode: deterministic

171 lepoulpe303 the Poker (level 5, -1/43 HPs)
             Began as a Merfolk Fighter on Nov 28, 2019.
             Slain by an orc warrior
             ... wielding a cursed +0 glaive
              (17 damage)
             ... on level 5 of the Dungeon.
             The game lasted 00:10:29 (3416 turns).

lepoulpe303 the Poker (Merfolk Fighter)             Turns: 3416, Time: 00:10:29

Health: -1/43      AC:  6    Str: 22    XL:     5   Next: 51%
Magic:  5/5        EV: 11    Int:  8    God:
Gold:   223        SH:  0    Dex: 13    Spells: 4/4 levels left

rFire    . . .     SeeInvis .   a - +3 halberd
rCold    . . .     Gourm    .   (shield currently unavailable)
rNeg     . . .     Faith    .   b - +0 scale mail
rPois    .         Spirit   .   (no helmet)
rElec    .         Reflect  .   (no cloak)
rCorr    .         Harm     .   (no gloves)
MR       .....                  (no boots)
Stlth    ..........             (no amulet)
HPRegen  0.14/turn              (no ring)
MPRegen  0.09/turn              (no ring)

@: mighty
A: change form in water, swift swim, stealthy swim
a: no special abilities


You were on level 5 of the Dungeon.
You were not hungry.

You visited 1 branch of the dungeon, and saw 6 of its levels.

You collected 223 gold pieces.

Inventory:

Hand Weapons
 a - a +3 halberd (weapon)
 x - a +0 trident
Missiles
 v - 2 atropa-tipped darts (quivered)
Armour
 b - a +0 scale mail (worn)
 c - a +0 shield
 y - a +0 chain mail
Jewellery
 q - a cursed ring of positive energy {unknown}
 s - a cursed ring of teleportation {unknown}
Scrolls
 f - 8 scrolls of identify {unknown}
 h - 2 scrolls of immolation {unknown}
 i - a scroll of enchant armour {unknown}
 k - 3 scrolls of remove curse {unknown}
 l - a scroll of enchant weapon {unknown}
 o - 4 scrolls of teleportation {unknown}
 p - a scroll of amnesia {unknown}
 t - 3 scrolls of random uselessness {unknown}
Potions
 d - 4 potions of might
 g - a potion of experience {unknown}
 j - a potion of lignification {unknown}
 m - a potion of cancellation {unknown}
 n - a potion of mutation {unknown}
 r - a potion of invisibility
 u - 2 potions of resistance {unknown}
 w - 2 potions of ambrosia {unknown}
Comestibles
 e - 3 rations


   Skills:
 * Level 4.3 Fighting
 * Level 4.9 Polearms
 + Level 2.4 Armour
 * Level 3.3 Dodging
 - Level 3.3 Shields


You had 4 spell levels left.
You didn't know any spells.
Your spell library was empty.

Dungeon Overview and Level Annotations

Branches:
Dungeon (6/15)
 Temple: D:4-7

Altars:
Elyvilon
Kikubaaqudgha


Message History

Health restored: 43
There is a stone staircase leading up here.
You climb upwards.
The rust devil screeches! x2; The orc warrior shouts!
An orc warrior comes into view. It is wielding a +0 mace.
There is a stone staircase leading down here.
The orc warrior throws a boomerang of dispersal.
The boomerang of dispersal hits you!
You blink.
You stop descending the stairs.
You take 15 damage, and have 28/43 hp.
MASSIVE DAMAGE!!
You feel very mighty all of a sudden.
The orc warrior hits you with a cursed +0 glaive!
* * * LOW HITPOINT WARNING * * *
You take 12 damage, and have 16/43 hp.
MASSIVE DAMAGE!!
You barely miss the orc warrior. The rust devil misses you.
The orc warrior hits you with a cursed +0 glaive!
You die...

## ###
#)#+#)#
#♣.....♣#
##...o...##
#∩..48...>#
#..4@o..##
#♣.....♣#
#)#+#)# ##
###


You could see 2 rust devils and 2 orc warriors.

Levels and vault maps discovered:
D:1:      lightli_arrival_windingriver, layout_basic
D:2:      layout_basic, nicolae_overflow_hidden_temple,
          lemuel_zombie_altar_kikubaaqudgha, minmay_pentomino_t2
D:3:      layout_basic, first_ration
D:4:      layout_basic
D:5:      cheibrodos_iron_armory, layout_cave_pods, basic_altar,
          kennysheep_generic_room_7
D:6:      layout_basic, lemuel_doored_altar, grunt_dithmenos_smoke_and_mirrors

Notes
Turn   | Place    | Note
-------+----------+-------------------------------------------
     0 | D:1      | lepoulpe303 the Merfolk Fighter began the quest for the
                  | Orb.
     0 | D:1      | Reached XP level 1. HP: 18/18 MP: 1/1
    91 | D:1      | Identified a +0 club
   259 | D:1      | Identified a +0 dagger
   286 | D:1      | Identified a +0 short sword
   293 | D:1      | Reached XP level 2. HP: 23/24 MP: 2/2
   318 | D:1      | Identified a +0 whip
   319 | D:1      | Identified a +0 club
   338 | D:1      | Reached skill level 1 in Dodging
   358 | D:1      | Identified a cursed -3 short sword
   368 | D:1      | Identified a +0 dagger
   463 | D:1      | Identified a +0 club
   521 | D:1      | Reached XP level 3. HP: 27/29 MP: 3/3
   533 | D:1      | Identified a +0 club
   839 | D:1      | Identified a +0 club
  1096 | D:2      | Identified a +0 club
  1343 | D:2      | Reached skill level 2 in Dodging
  1370 | D:2      | Reached skill level 4 in Polearms
  1626 | D:2      | Found an ancient bone altar of Kikubaaqudgha.
  1677 | D:2      | Identified a +0 club
  1681 | D:2      | Reached XP level 4. HP: 36/37 MP: 4/4
  1749 | D:2      | Found a white marble altar of Elyvilon.
  1924 | D:3      | Identified a cursed -1 club
  1954 | D:3      | Identified a cursed -1 short sword
  1979 | D:3      | Identified a +0 club
  2007 | D:3      | Identified a cursed +0 club
  2106 | D:3      | Identified a +0 dagger
  2258 | D:3      | Reached skill level 4 in Fighting
  2260 | D:3      | Identified a +0 ring mail
  2263 | D:3      | Identified a +0 hand axe
  2263 | D:3      | Identified a +0 leather armour
  2263 | D:3      | Identified a cursed -3 flail
  2290 | D:3      | Identified 2 potions of invisibility
  2291 | D:3      | HP: 9/37 [poisoned by an adder]
  2296 | D:3      | HP: 6/37 [poisoned by an adder]
  2302 | D:3      | HP: 5/37 [poisoned by an adder]
  2310 | D:3      | HP: 4/37 [poisoned by an adder]
  2727 | D:3      | Identified a +0 club
  2996 | D:3      | Identified a +3 halberd
  2997 | D:3      | Identified a +0 club
  3010 | D:3      | Reached skill level 3 in Dodging
  3010 | D:3      | Reached XP level 5. HP: 37/42 MP: 5/5
  3059 | D:3      | Identified a +0 flail
  3320 | D:4      | You fall into a shaft and drop 2 floors!
  3413 | D:5      | Entered Level 5 of the Dungeon
  3413 | D:5      | Noticed a rust devil
  3413 | D:5      | Noticed a rust devil
  3413 | D:5      | Identified a cursed +0 glaive
  3413 | D:5      | Identified a +0 plate armour
  3413 | D:5      | Noticed an orc warrior
  3413 | D:5      | Identified a +0 mace
  3413 | D:5      | Identified a +0 plate armour
  3413 | D:5      | Noticed an orc warrior
  3416 | D:5      | Slain by an orc warrior

Table legend:
 A = Turns spent in this place as a percentage of turns spent in the entire game.
 B = Non-inter-level travel turns spent in this place as a percentage of non-inter-level travel turns spent in the entire game.
 C = Inter-level travel turns spent in this place as a percentage of turns spent in this place.
 D = Turns resting spent in this place as a percentage of non-inter-level travel turns spent in this place.
 E = Turns spent auto-exploring this place as a percentage of non-inter-level travel turns spent in this place.
 F = Non-inter-level travel turns spent in this place divided by the number of levels of this place that you've seen.
                   A       B       C       D       E      F
               +-------+-------+-------+-------+-------+----------------------
         Total | 100.0 | 100.0 |   3.4 |  17.0 |  62.4 | 550.0
       Dungeon | 100.0 | 100.0 |   3.4 |  17.0 |  62.4 | 550.0
               +-------+-------+-------+-------+-------+----------------------

Table legend:
 A = Kills in this place as a percentage of kills in entire the game.
 B = Kills by you in this place as a percentage of kills by you in the entire game.
 C = Kills by friends in this place as a percentage of kills by friends in the entire game.
 D = Other kills in this place as a percentage of other kills in the entire game.
 E = Experience gained in this place as a percentage of experience gained in the entire game.
 F = Experience gained in this place divided by the number of levels of this place that you have seen.
                   A       B       C       D       E      F
               +-------+-------+-------+-------+-------+----------------------
         Total | 100.0 | 100.0 |   N/A |   N/A | 100.0 |  40.8
       Dungeon | 100.0 | 100.0 |   N/A |   N/A | 100.0 |  40.8
               +-------+-------+-------+-------+-------+----------------------

Skill      XL: |  1  2  3  4 |
---------------+-------------+-----
Dodging        | 1 2 3 |  3.3
Polearms       | 4 |  4.9
Fighting       | 4 |  4.3
Armour         | |  2.4
Shields        | |  3.3

Action                   |  1- 3 |  4- 6 || total
-------------------------+-------+-------++-------
Melee: Trident           |   162 |    98 ||   260
       Halberd           |       |    20 ||    20
  Use: Potion            |       |     2 ||     2
 Stab: Invisible         |       |     3 ||     3
  Eat: Chunk             |     3 |     2 ||     5
       Ration            |       |     1 ||     1
Armor: Scale mail        |    54 |    21 ||    75
Dodge: Dodged            |    41 |    36 ||    77
Block: Shield            |    71 |    31 ||   102

Vanquished Creatures
  3 gnolls (D:3)
  5 adders
  A howler monkey skeleton (D:4)
  An ooze (D:1)
  An adder skeleton (D:4)
  3 worms (D:3)
  2 leopard geckos
  4 orcs (D:3)
  4 bats
  A bat zombie (D:2)
  2 giant cockroaches (D:1)
  8 hobgoblins
  3 jackals (D:2)
  2 quokkas
  2 frilled lizards (D:2)
  12 goblins
  9 kobolds
  2 rats (D:1)
  A rat zombie (D:2)
66 creatures vanquished.
